 Dungeon Crawl Stone Soup version 0.22-a0-815-gb582571 (console) character file.

236 removed the Magician (level 5, -11/28 HPs)
             Began as a Deep Elf Wanderer on July 23, 2018.
             Splashed by Ijyb's acid (18 damage)
             ... on level 3 of the Dungeon.
             The game lasted 00:06:51 (4257 turns).

removed the Magician (Deep Elf Wanderer)            Turns: 4257, Time: 00:06:52

Health: -11/28     AC:  3    Str:  9    XL:     5   Next: 77%
Magic:  9/15       EV: 11    Int: 20    God:
Gold:   129        SH:  0    Dex: 12    Spells: 11/16 levels left

rFire    . . .     SeeInvis .   a - +1 short sword (venom)
rCold    . . .     Gourm    .   (no shield)
rNeg     . . .     Faith    .   d - +1 robe
rPois    .         Spirit   .   (no helmet)
rElec    .         Reflect  .   (no cloak)
rCorr    .         Harm     .   (no gloves)
MR       .....                  (no boots)
Stlth    ++........             r - amulet of inaccuracy (curse)
HPRegen  0.09/turn              (no ring)
MPRegen  0.14/turn              (no ring)

@: no status effects
A: no striking features
a: no special abilities


You were on level 3 of the Dungeon.
You were not hungry.

You visited 1 branch of the dungeon, and saw 3 of its levels.

You collected 129 gold pieces.

Inventory:

Hand Weapons
 a - a +1 short sword of venom (weapon)
 e - a +0 dagger
 n - a +0 blowgun
 w - a +1 dagger of electrocution
Missiles
 g - 196 stones (quivered)
Armour
 d - a +1 robe (worn)
Jewellery
 r - a cursed amulet of inaccuracy (around neck)
Scrolls
 i - 4 scrolls of identify
 j - 6 scrolls of teleportation
 m - a scroll of enchant armour
Potions
 c - 3 potions of curing
 k - a potion of agility
 s - a potion of mutation {unknown}
 u - a potion of haste {unknown}
Comestibles
 f - 4 rations
 v - 2 chunks of flesh


   Skills:
 - Level 2.7 Stealth
 - Level 6.0 Spellcasting
   Level 1.5 Charms
 - Level 5.0 Necromancy
   Level 1.1 Ice Magic
 + Level 4.4 Earth Magic


You had 11 spell levels left.
You knew the following spells:

 Your Spells              Type           Power        Failure   Level  Hunger
a - Pain                  Necr           ####         1%          1    None
b - Vampiric Draining     Necr           ####......   4%          3    ##.....
c - Sandblast             Erth           ###...       1%          1    None

Your spell library contained the following spells:

 Spells                   Type           Power        Failure   Level  Hunger
 Animate Dead             Necr           N/A          13%         4    ####...
 Animate Skeleton         Necr           N/A          1%          1    None
 Regeneration             Chrm/Necr      ###.......   9%          3    ##.....
 Stone Arrow              Conj/Erth      ##....       13%         3    ##.....


Dungeon Overview and Level Annotations

Branches:
Dungeon (3/15)

Altars:
Qazlal

Annotations:
D:3 Ijyb


Message History

Aiming: Pain (safe; 1% risk of failure)
Press: ? - help, Shift-Dir - straight line, f/p - Ijyb
Aim: Ijyb, wearing a leather armour (severely wounded, chance to defeat MR: 89%) Ijyb writhes in agony!
Casting: Pain (safe; 1% risk of failure)
Confirm with . or Enter, or press ? or * to list all spells.
Aiming: Pain (safe; 1% risk of failure)
Press: ? - help, Shift-Dir - straight line, f/p - Ijyb
Aim: Ijyb, wearing a leather armour (almost dead, chance to defeat MR: 89%) Ijyb writhes in agony!
Ijyb hits you.
Casting: Pain (safe; 1% risk of failure)
Confirm with . or Enter, or press ? or * to list all spells.
Aiming: Pain (safe; 1% risk of failure)
Press: ? - help, Shift-Dir - straight line, f/p - Ijyb
Aim: Ijyb, wearing a leather armour (almost dead, chance to defeat MR: 89%) Ijyb barely resists.
Ijyb zaps a wand.
The bolt of acid hits you!
* * * LOW HITPOINT WARNING * * *
You are splashed with acid!
The acid burns!
Ouch! That really hurt!
You die...

*****############
##≈≈,,#...#......#
#≈≈≈,,'...'......#
##≈≈≈,,*,,,#......#
#≈≈#########..##@'#
#≈≈#..........#.g.#
...'..........#...#
...'.†......(.#.).#
...'..........#...#
.≈≈#..........#..)#
.≈≈#########..#...#
.#≈≈≈..#...#..#...#
.#≈≈≈..'...'..#*+**


You could see Ijyb.

Vanquished Creatures
  An orc priest (D:3)
  Terence (D:3)
  7 adders
  2 oozes
  A worm (D:3)
  4 dart slugs
  A leopard gecko (D:2)
  3 orcs (D:3)
  10 bats
  2 giant cockroaches
  15 goblins
  10 hobgoblins
  10 jackals
  7 kobolds
  2 quokkas (D:3)
  2 ball pythons (D:2)
  4 frilled lizards
  10 rats
92 creatures vanquished.

Notes
Turn   | Place    | Note
-------+----------+-------------------------------------------
     0 | D:1      | removed the Deep Elf Wanderer began the quest for the Orb.
     0 | D:1      | removed set off with: a potion of curing, a +0 robe, a +0 dagger, a ration
     0 | D:1      | Reached XP level 1. HP: 10/10 MP: 9/9
     2 | D:1      | Learned a level 1 spell: Pain
   331 | D:1      | Reached skill level 6 in Spellcasting
   473 | D:1      | Reached XP level 2. HP: 10/15 MP: 6/11
  1351 | D:1      | Reached XP level 3. HP: 16/19 MP: 7/12
  2273 | D:2      | Found a faded altar of an unknown god.
  2382 | D:2      | Reached skill level 5 in Necromancy
  2382 | D:2      | Reached XP level 4. HP: 23/24 MP: 11/14
  2390 | D:2      | Learned a level 3 spell: Vampiric Draining
  2392 | D:2      | Learned a level 1 spell: Sandblast
  2593 | D:2      | Reached skill level 1 in Earth Magic
  3293 | D:3      | Reached XP level 5. HP: 22/28 MP: 7/15
  3546 | D:3      | Noticed Terence
  3551 | D:3      | Killed Terence
  3914 | D:3      | Found a stormy altar of Qazlal.
  4249 | D:3      | Noticed Ijyb
  4257 | D:3      | Splashed by Ijyb's acid

Vault maps used:
D:1:      ncdulo_lavacross
D:2:      chequers_ecumenical_altar_twisty, minivault_11
D:3:      kennysheep_goblin_castle, first_ration,
          nicolae_qazlal_eye_of_the_storm, uniq_terence

Skill      XL: |  1  2  3  4  5 |
---------------+----------------+-----
Spellcasting   | 6 |  6.0
Necromancy     | 3 5 |  5.0
Earth Magic    | 3 4 |  4.4
Stealth        | |  2.7
Charms         | |  1.5
Ice Magic      | |  1.1

Action                   |  1- 3 |  4- 6 || total
-------------------------+-------+-------++-------
 Cast: Pain              |    83 |    87 ||   170
       Vampiric Draining |       |     4 ||     4
  Use: Scroll            |       |     7 ||     7
  Eat: Chunk             |     4 |     6 ||    10
Armor: Robe              |     2 |     2 ||     4
Dodge: Dodged            |     9 |    15 ||    24

Table legend:
 A = Spawn XP
 B = Non-spawn XP
 C = Spawn XP percentage of total XP
 D = Spawn monster count
 E = Non-spawn monster count
 F = Spawn count percentage of total count
 G = Total turns spent on level
                    A         B        C        D         E        F      G
               +---------+---------+-------+---------+---------+-------+---------
         Total |       0 |     338 |   0.0 |       0 |      92 |   0.0 |  4257
               +---------+---------+-------+---------+---------+-------+---------
           D:1 |       0 |      57 |   0.0 |       0 |      29 |   0.0 |  1857
           D:2 |       0 |      85 |   0.0 |       0 |      27 |   0.0 |  1385
           D:3 |       0 |     196 |   0.0 |       0 |      36 |   0.0 |  1015
               +---------+---------+-------+---------+---------+-------+---------
